 Dungeon Crawl Stone Soup version 0.18.1-8-gdd0e5ea (webtiles) character file.

539 M4edhros the Sneak (level 7, -4/43 HPs)
             Began as an Octopode Artificer on June 8, 2016.
             Slain by an ice beast (5 damage)
             ... on level 5 of the Dungeon.
             The game lasted 00:05:58 (2789 turns).

M4edhros the Sneak (Octopode Artificer)             Turns: 2789, Time: 00:05:59

Health: -4/43      AC:  1    Str: 15    XL:     7   Next: 26%
Magic:  9/9        EV: 12    Int: 14    God:
Gold:   188        SH:  0    Dex: 15    Spells: 0 memorised, 6 levels left

rFire  . . .     SeeInvis .     a - +0 short sword
rCold  . . .     Gourm    .     (no shield)
rNeg   . . .     Faith    .     (helmet restricted)
rPois  .         Spirit   .     (no amulet)
rElec  .         Dismiss  .     (no ring)
rCorr  .         Reflect  .     (no ring)
SustAt .         Harm     .     (no ring)
MR     .....                    (no ring)
Stlth  +++++.....               (no ring)
                                (no ring)
                                (no ring)
                                (no ring)

@: mighty, not resistant to hostile enchantments, quite stealthy
A: almost no armour, amphibious, 8 rings, constrict 8, camouflage 1, gelatinous
body 1
a: no special abilities


You were on level 5 of the Dungeon.
You were very hungry.

You visited 1 branch of the dungeon, and saw 5 of its levels.
You also visited: Sewer.

You collected 188 gold pieces.

Inventory:

Hand Weapons
 a - a +0 short sword (weapon)
 g - a +3 spear
 n - a +2 hunting sling of flaming
Wands
 b - a wand of flame (4/48)
 c - a wand of enslavement (6/24)
 d - a wand of random effects (8/48)
Scrolls
 e - a scroll of identify
 i - a scroll of immolation {unknown}
 m - 2 scrolls of teleportation
 p - a scroll of remove curse {unknown}
Potions
 k - 5 potions of flight
Miscellaneous
 q - a plain deck of changes
Comestibles
 f - 2 bread rations
 l - 2 fruits
 o - a meat ration


   Skills:
 - Level 1.0 Fighting
 - Level 1.0 Short Blades
 * Level 5.2 Slings
 - Level 2.0 Dodging
 + Level 7.4 Stealth
 - Level 3.2 Evocations


You had 6 spell levels left.
You didn't know any spells.

Dungeon Overview and Level Annotations

Branches:
Dungeon (5/15)
 Temple: D:4-7

Altars:
Ashenzari
Dithmenos
Nemelex Xobeh
Vehumet
Yredelemnul

Annotations:
D:4 juanjsm's ghost, amateur OpTm


Innate Abilities, Weirdness & Mutations

You cannot wear most types of armour.
You are amphibious.
You can wear up to eight rings at the same time.
You can use your tentacles to constrict eight enemies at once.
Your skin changes colour to match your surroundings (Stealth).
Your rubbery body absorbs attacks (AC +1).


Message History

Evoke which item? (* to show all) (? for menu, Esc to quit)
Zapping:
c - a wand of enslavement (8/24)
Press: ? - help, Shift-Dir - straight line, f/p - jelly
Aim: a jelly (chance to defeat MR: 62%)
The jelly resists with significant effort.
This wand has 7 charges left.
The jelly closely misses you. The ice beast misses you.
Evoke which item? (* to show all) (? for menu, Esc to quit)
Zapping:
c - a wand of enslavement (7/24)
Press: ? - help, Shift-Dir - straight line, f/p - jelly
Aim: a jelly (chance to defeat MR: 62%)
The jelly resists with significant effort.
This wand has 6 charges left.
The jelly hits you.
* * * LOW HITPOINT WARNING * * *
You are splashed with acid!
The acid burns!
* * * LOW HITPOINT WARNING * * *
The ice beast hits you.
* * * LOW HITPOINT WARNING * * *
The ice beast freezes you.
You die...

#..... #......
....... .......
....... .......
##########.......
#####.....oY@J.......
#.....########.......
............# ....#.#
#.####.####.$..
....... o. ## [...#.#
... ....# # o.o.
..... ...._ #...##
.#....


You could see an ice beast, a jelly and an orc.

Vanquished Creatures
  A phantom (D:4)
  A hound (D:4)
  An orc priest (D:4)
  An orc wizard (D:5)
  Ijyb (D:3)
  Jessica (D:3)
  Natasha (D:3)
  2 sirens (Sewer)
  A merfolk avatar (Sewer)
  A worker ant (D:4)
  5 adders
  5 river rats
  2 oozes
  An adder zombie (D:5)
  5 worms
  A giant gecko (Sewer)
  3 orcs
  8 giant cockroaches
  3 goblins
  4 hobgoblins
  2 jackals (D:1)
  A kobold (D:2)
  2 quokkas (D:4)
  8 ball pythons
  3 bats
  4 giant newts
  22 rats
90 creatures vanquished.

Vanquished Creatures (collateral kills)
  A giant newt (D:4)
  2 rats (Sewer)
3 creatures vanquished.

Vanquished Creatures (others)
  A ball python (Sewer)
1 creature vanquished.

Grand Total: 94 creatures vanquished

Notes
Turn   | Place    | Note
--------------------------------------------------------------
     0 | D:1      | M4edhros the Octopode Artificer began the quest for the Orb.
     0 | D:1      | Reached XP level 1. HP: 13/13 MP: 3/3
   104 | D:1      | Reached skill level 2 in Stealth
   354 | D:1      | Reached XP level 2. HP: 14/18 MP: 4/4
   364 | D:1      | Reached skill level 3 in Stealth
  1000 | D:2      | Found a shadowy altar of Dithmenos.
  1028 | D:2      | Reached skill level 4 in Stealth
  1028 | D:2      | Reached XP level 3. HP: 18/23 MP: 5/5
  1199 | D:2      | Reached skill level 5 in Stealth
  1473 | D:3      | Found a sparkling altar of Nemelex Xobeh.
  1473 | D:3      | Noticed Jessica
  1478 | D:3      | Killed Jessica
  1478 | D:3      | Reached skill level 1 in Slings
  1478 | D:3      | Reached XP level 4. HP: 28/28 MP: 6/6
  1489 | D:3      | Noticed Ijyb
  1496 | D:3      | Killed Ijyb
  1516 | D:4      | Noticed juanjsm's ghost (amateur OpTm)
  1526 | D:4      | Noticed a phantom
  1656 | D:4      | Reached XP level 5. HP: 18/33 MP: 7/7
  1742 | D:4      | Killed a phantom
  1742 | D:4      | Reached skill level 6 in Stealth
  1742 | D:4      | Reached XP level 6. HP: 31/38 MP: 8/8
  1767 | D:4      | Found a glowing drain.
  1776 | Sewer    | Entered a sewer
  2515 | D:4      | Reached skill level 7 in Stealth
  2556 | D:4      | Reached XP level 7. HP: 43/43 MP: 9/9
  2564 | D:4      | Found a radiant altar of Vehumet.
  2637 | D:3      | Noticed Natasha
  2640 | D:3      | Killed Natasha
  2640 | D:3      | Reached skill level 5 in Slings
  2695 | D:4      | Found a shattered altar of Ashenzari.
  2727 | D:4      | Found a sparkling altar of Nemelex Xobeh.
  2755 | D:5      | Entered Level 5 of the Dungeon
  2766 | D:5      | Found a basalt altar of Yredelemnul.
  2789 | D:5      | HP: 1/43 [ice beast (3)]
  2789 | D:5      | Slain by an ice beast

Skill      XL: |  1  2  3  4  5  6  7 |
---------------+----------------------+-----
Stealth        | 2 4 5 6 7 |  7.4
Slings         | 1 2 3 4 5 |  5.2
Fighting       | |  1.0
Short Blades   | |  1.0
Dodging        | |  2.0
Evocations     | |  3.2

Action                   |  1- 3 |  4- 6 |  7- 9 || total
-------------------------+-------+-------+-------++-------
Melee: Short sword       |    51 |   118 |    15 ||   184
       Constrict         |    15 |    23 |     4 ||    42
       Tentacles         |    13 |    19 |     2 ||    34
Evoke: Wand              |       |    18 |     9 ||    27
  Use: Scroll            |       |     5 |       ||     5
       Potion            |       |     1 |     2 ||     3
 Stab: Sleeping          |    14 |    21 |     3 ||    38
  Eat: Chunk             |     1 |     3 |     1 ||     5
Armor: Skin              |     3 |    10 |       ||    13
Dodge: Dodged            |    21 |    56 |    11 ||    88
